 Dungeon Crawl Stone Soup version 0.24-a0-250-g6074511 (webtiles) character file.

Game seed: 16579990396326992143

4741 Borgoz the Slicer (level 10, -10/64 HPs)
             Began as a Gargoyle Monk on Apr 15, 2019.
             Was a Believer of Ashenzari.
             Mangled by an orc warrior
             ... wielding a +0 glaive
              (21 damage)
             ... on level 8 of the Dungeon.
             The game lasted 00:19:44 (8271 turns).

Borgoz the Slicer (Gargoyle Monk)                   Turns: 8271, Time: 00:19:45

Health: -10/64     AC: 12    Str: 14    XL:     10   Next: 46%
Magic:  10/10      EV: 18    Int: 12    God:    Ashenzari [**....]
Gold:   492        SH:  0    Dex: 17    Spells: 9/9 levels left

rFire    . . .     SeeInvis .   b - +3 short sword (freeze)
rCold    + . .     Gourm    .   (no shield)
rNeg     + . .     Faith    .   I - +0 robe
rPois    ∞         Spirit   .   r - +2 helmet
rElec    +         Reflect  .   F - scarf {repulsion}
rCorr    .         Harm     .   (no gloves)
MR       .....                  (no boots)
Stlth    +.........             (no amulet)
HPRegen  0.20/turn              D - ring of protection from cold
MPRegen  0.12/turn              y - +2 ring of dexterity

@: confused, repel missiles
A: negative energy resistance 1, electricity resistance, unbreathing,
petrification resistance, rot immunity, AC +7
a: Curse Item, Scrying, Renounce Religion


You were on level 8 of the Dungeon.
You worshipped Ashenzari.
Ashenzari was pleased with you.
You were not hungry.

You visited 2 branches of the dungeon, and saw 9 of its levels.

You collected 492 gold pieces.

Inventory:

Hand Weapons
 a - a +2 dagger of venom
 b - a +3 short sword of freezing (weapon)
 o - a +1 short sword of protection
 G - a +3 dagger
 J - a +4 dagger of freezing
Armour
 r - a +2 helmet (worn)
 F - a scarf of repulsion (worn)
 I - a +0 robe (worn)
 K - a +0 ring mail of fire resistance
Jewellery
 n - an uncursed ring of flight
 y - a +2 ring of dexterity (right hand)
 D - a ring of protection from cold (left hand)
Wands
 x - a wand of polymorph (8)
 B - a wand of iceblast (8)
Scrolls
 d - 5 scrolls of remove curse
 f - 3 scrolls of magic mapping {unknown}
 g - 2 scrolls of fog {unknown}
 k - 3 scrolls of teleportation {unknown}
 m - a scroll of enchant armour {unknown}
 u - 4 scrolls of enchant weapon
 v - 3 scrolls of amnesia
Potions
 e - 2 potions of brilliance
 j - a potion of heal wounds
 l - 2 potions of haste
 p - a potion of invisibility
 w - 2 potions of mutation
 A - a potion of berserk rage
 C - a potion of flight
 H - a potion of might
Comestibles
 c - 9 rations
 E - 4 chunks of flesh


   Skills:
 + Level 8.2 Fighting
 + Level 9.6 Short Blades
 + Level 7.9 Dodging
 - Level 2.1 Stealth


You had 9 spell levels left.
You didn't know any spells.
Your spell library contained the following spells:

 Spells                   Type           Power        Failure   Level  Hunger
 Shock                    Conj/Air       #...         32%         1    ##.....
 Swiftness                Chrm/Air       #.......     45%         2    ###....
 Static Discharge         Conj/Air       #.......     69%         3    ####...
 Airstrike                Air            #.........   97%         4    #####..
 Bolt of Magma            Conj/Fire/Erth #.........   100%        5    ######.
 Iskenderun's Battlesphe  Conj/Chrm      #.......     100%        5    ######.
 Lightning Bolt           Conj/Air       #.........   100%        5    ######.
 Venom Bolt               Conj/Pois      #.........   100%        5    ######.
 Iron Shot                Conj/Erth      #.........   100%        6    #######
 Orb of Destruction       Conj           #.........   100%        7    #######
 Spellforged Servitor     Conj/Summ      #.........   100%        7    #######


Dungeon Overview and Level Annotations

Branches:
Dungeon (8/15)             Temple (1/1) D:6
   Lair: D:8-11

Altars:
Ashenzari
Cheibriados
Dithmenos
Elyvilon
Fedhas
Gozag
Hepliaklqana
Kikubaaqudgha
Makhleb
Nemelex Xobeh
Okawaru
Qazlal
Ru
Sif Muna
Trog
Uskayaw
Vehumet
Wu Jian
Xom
Yredelemnul
Zin
The Shining One

Shops:
D:4 [   D:8 [


Innate Abilities, Weirdness & Mutations

You are resistant to torment.
Your stone body is resilient. (AC +7)
You are immune to poison.
You resist negative energy. (rN+)
You are resistant to electric shocks. (rElec)
You can survive without breathing.
You are immune to petrification.
You are immune to rotting.


Message History

The crimson imp blinks!
The orc warrior hits you with a +0 glaive!
* * * LOW HITPOINT WARNING * * *
Things that are here:
a +0 giant club x2; a two-headed ogre corpse You are confused.
You feel invigorated. The orc warrior closely misses you.
You bump into the rock wall.
The orc warrior hits you with a +0 glaive!
* * * LOW HITPOINT WARNING * * *
The crimson imp hits you.
* * * LOW HITPOINT WARNING * * *
You hit the orc warrior. You freeze the orc warrior.
The orc warrior is moderately wounded.
The crimson imp closely misses you. The orc warrior barely misses you.
You hit the orc warrior but do no damage.
The orc warrior is moderately wounded.
You miss the crimson imp.
The crimson imp blinks!
The orc warrior hits you with a +0 glaive!!
You die...

...# #(# #.#.# #.#
...# #(# #.#.# #.#
.#.# #(# #.#.# #.#
'########.####.#.###.#
§≈≈#.................#
§8≈#.#.######.#.######
∩..'.#.# ##....#
.8≈###.####..#.§##
.≈§#........###)@#
'#####.##..##?##o###
...# #.#....#.'.h..##
#.####...#.##.##.#5.##
#.......####.{{####..#
######.##∆...5{, ∆##.#
#..####.. ####..#
#...#.##.##.#..##
#.#....#.#....##


You could see an orc warrior, a black bear and a crimson imp.

Vanquished Creatures
  A two-headed ogre (D:8)
  Grinder (D:3)
  2 hippogriffs
  A hungry ghost (D:7)
  Menkaure (D:7)
  A water moccasin (D:7)
  A sky beast (D:8)
  2 ice beasts
  A phantom (D:4)
  A black bear (D:6)
  2 centaurs
  3 ogres
  A crocodile (D:4)
  4 bullfrogs
  5 killer bees (D:8)
  13 wights
  4 howler monkeys (D:7)
  2 crimson imps (D:5)
  A bullfrog zombie (D:6)
  A quasit (D:6)
  2 hounds
  5 orc wizards
  2 orc priests
  5 jellies
  2 centaur skeletons
  3 bullfrog skeletons
  Terence (D:2)
  3 iguanas
  3 worker ants
  A hound skeleton (D:6)
  8 gnolls
  4 adders
  3 shadow imps
  7 oozes
  An adder zombie (D:6)
  3 worms (D:4)
  3 dart slugs
  7 leopard geckos
  23 orcs
  3 giant cockroaches
  9 goblins
  4 hobgoblins
  9 jackals
  7 kobolds
  2 quokkas
  A ball python (D:3)
  7 bats
  9 frilled lizards
  A leopard gecko skeleton (D:6)
  7 rats
193 creatures vanquished.

Notes
Turn   | Place    | Note
-------+----------+-------------------------------------------
     0 | D:1      | Borgoz the Gargoyle Monk began the quest for the Orb.
     0 | D:1      | Reached XP level 1. HP: 14/14 MP: 1/1
   317 | D:1      | Reached XP level 2. HP: 17/19 MP: 2/2
   351 | D:1      | Reached skill level 3 in Short Blades
   423 | D:1      | Reached XP level 3. HP: 7/23 MP: 3/3
  1119 | D:2      | Noticed Terence
  1139 | D:2      | Killed Terence
  1139 | D:2      | Reached XP level 4. HP: 22/29 MP: 4/4
  1589 | D:3      | Noticed Grinder
  1602 | D:3      | Reached skill level 4 in Short Blades
  1869 | D:3      | Paralysed by Grinder for 6 turns
  1870 | D:3      | Killed Grinder
  1870 | D:3      | Reached XP level 5. HP: 34/34 MP: 5/5
  1870 | D:3      | Reached XP level 6. HP: 39/39 MP: 6/6
  2285 | D:3      | Reached skill level 5 in Short Blades
  2685 | D:4      | Noticed a phantom
  2743 | D:4      | Killed a phantom
  2743 | D:4      | Reached XP level 7. HP: 36/44 MP: 7/7
  2838 | D:4      | Found Udiubb Xial's Armour Shop.
  2858 | D:4      | Found an iron altar of Okawaru.
  2873 | D:4      | Reached skill level 5 in Fighting
  3218 | D:5      | Entered Level 5 of the Dungeon
  3231 | D:5      | HP: 2/44 [ogre/+0 giant club (26)]
  3232 | D:5      | Reached skill level 6 in Short Blades
  3492 | D:5      | Reached XP level 8. HP: 40/49 MP: 8/8
  3906 | D:5      | Reached skill level 5 in Dodging
  4206 | D:6      | Reached skill level 7 in Short Blades
  4585 | D:6      | Found a shimmering altar of Xom.
  4666 | D:6      | Found a staircase to the Ecumenical Temple.
  4688 | Temple   | Entered the Ecumenical Temple
  4874 | Temple   | Became a worshipper of Ashenzari the Shackled
  4874 | Temple   | Reached * piety under Ashenzari
  4874 | Temple   | Reached ** piety under Ashenzari
  5007 | D:6      | Reached XP level 9. HP: 56/56 MP: 9/9
  5971 | D:7      | Reached skill level 8 in Short Blades
  6483 | D:7      | Found a white marble altar of Elyvilon.
  6644 | D:7      | Found an ancient bone altar of Kikubaaqudgha.
  6741 | D:7      | Noticed Menkaure
  6764 | D:7      | Killed Menkaure
  7055 | D:7      | Reached XP level 10. HP: 63/63 MP: 10/10
  7389 | D:8      | Reached skill level 9 in Short Blades
  8061 | D:8      | Found Ohiokkeo's Armour Shop.
  8246 | D:8      | Noticed a two-headed ogre
  8264 | D:8      | Killed a two-headed ogre
  8265 | D:8      | HP: 1/64 [orc warrior/+0 glaive (9)]
  8271 | D:8      | Mangled by an orc warrior

Levels and vault maps discovered:
D:1:      nagdon_arrival_zigzag_paths, layout_rooms, minmay_indecisive_spiral
D:2:      layout_basic, uniq_terence
D:3:      layout_basic, uniq_grinder
D:4:      layout_basic, serial_shops, kennysheep_mini_moat, first_ration,
          okawaru_gym_becter
D:5:      layout_rooms
D:6:      minmay_evil_eye, layout_basic, temple_fountains, basic_altar
D:7:      layout_loops_corners, old_standard_altar, basic_altar, uniq_menkaure
D:8:      layout_loops_ring, gammafunk_ghost_mausoleum, serial_shops,
          kennysheep_little_box, hangedman_little_slice_of_home,
          minmay_fractal_squares_gapless_5
Temple:   roderic_octagonal_lattice_temple

Skill      XL: |  1  2  3  4  5  6  7  8  9 10 |
---------------+-------------------------------+-----
Short Blades   | 3 4 5 6 7 8 9 |  9.6
Dodging        | 3 4 5 7 |  7.9
Fighting       | 4 5 6 7 8 |  8.2
Stealth        | |  2.1

Action                   |  1- 3 |  4- 6 |  7- 9 | 10-12 || total
-------------------------+-------+-------+-------+-------++-------
Melee: Short sword       |   148 |    33 |    49 |   157 ||   387
       Dagger            |       |   140 |   832 |       ||   972
       Unarmed           |       |     1 |       |       ||     1
  Use: Potion            |       |     2 |     8 |     2 ||    12
       Scroll            |       |     1 |       |    12 ||    13
 Stab: Sleeping          |     2 |     7 |     6 |     1 ||    16
  Eat: Chunk             |     1 |     4 |    13 |     1 ||    19
       Ration            |       |       |     2 |     1 ||     3
Armor: Robe              |    33 |    48 |   188 |    34 ||   303
Dodge: Dodged            |    95 |    94 |   444 |   114 ||   747
       Deflected         |       |       |       |     3 ||     3

Table legend:
 A = Non-vault XP
 B = Vault XP
 C = Vault XP percentage of total XP
 D = Non-vault monster count
 E = Vault monster count
 F = Vault count percentage of total count
                 A         B        C        D         E       F
            +---------+---------+-------+---------+---------+-------
      Total |    5125 |    1649 |  24.3 |     174 |      19 |   9.8
            +---------+---------+-------+---------+---------+-------
        D:1 |      43 |      13 |  23.2 |      26 |       4 |  13.3
        D:2 |      22 |      36 |  62.1 |       7 |       1 |  12.5
        D:3 |     166 |     258 |  60.8 |      29 |       1 |   3.3
        D:4 |     497 |       0 |   0.0 |      26 |       0 |   0.0
        D:5 |     674 |       0 |   0.0 |      18 |       0 |   0.0
        D:6 |     956 |     142 |  12.9 |      22 |       3 |  12.0
        D:7 |    1750 |     172 |   8.9 |      34 |       1 |   2.9
        D:8 |    1017 |    1028 |  50.3 |      12 |       9 |  42.9
            +---------+---------+-------+---------+---------+-------
